Map: Année zéro EC

Players

Sorandom - Winner!

  • Race: Zerg Zerg
  • League: Diamond
  • Spawn Location: 11:00

FArAmir

  • Race: Zerg Zerg
  • League: Diamond
  • Spawn Location: 1:00

VOD

Have the link to the VOD?

Description

Time

  • Played on: April 9, 2019, 4:10 p.m.
  • Length: 14:19
Show
View Real Time Build Order
Export as new Build Order

Sorandom Zerg - Winner!

Build Orders: Pool First 

Get SALT Encoding   

  12  0:01  Drone  
  13  0:13  Overlord  
  13  0:18  Drone  
  14  0:31  Drone x2  
  14  0:34  Drone  
  17  0:48  Spawning Pool  
  16  0:51  Drone  
  17  1:13  Hatchery  
  17  1:17  Drone  
  17  1:20  Extractor  
  17  1:22  Drone  
  17  1:25  Drone  
  18  1:32  Overlord  
  18  1:44  Drone  
  19  1:51  Drone  
  19  1:52  Queen  
  22  2:01  Zergling x2  
  23  2:12  Drone  
  24  2:23  Drone  
  24  2:28  Queen  
  24  2:29  Queen  
  29  2:34  Drone x2  
  29  2:36  Drone  
  32  2:44  Roach Warren  
  32  2:45  Drone  
  32  2:55  Drone x2  
  32  2:58  Drone  
  35  3:08  Evolution Chamber  
  34  3:12  Evolution Chamber  
  34  3:14  Drone  
  34  3:15  Drone  
  35  3:20  Lair  
  35  3:25  Drone  
  35  3:26  Overlord x2  
  36  3:31  Overlord  
  36  3:37  Zerg Ground Armor Level 1  
  36  3:45  Roach x2  
  39  3:48  Zergling x2  
  39  3:49  Zergling x2  
  39  3:51  Roach  
  43  4:03  Drone x6  
  43  4:05  Extractor  
  48  4:17  Roach  
  48  4:18  Roach x2  
  48  4:19  Drone  
  55  4:30  Overseer  
  55  4:44  Roach x2  
  55  4:45  Overlord x5  
  59  4:48  Extractor  
  59  4:50  Roach  
  60  5:05  Roach x3  
  66  5:13  Roach x2  
  70  5:15  Drone  
  71  5:21  Hatchery  
  71  5:23  Roach x2  
  74  5:33  Roach  
  74  5:34  Roach, Drone  
  74  5:35  Drone x3  
  80  5:51  Roach  
  80  5:52  Roach x2  
  86  6:06  Ravager  
  86  6:09  Roach  
  85  6:18  Extractor  
  82  6:21  Ravager  
  81  6:26  Drone x6  
  81  6:27  Drone x4  
  91  6:38  Drone  
  91  6:39  Drone x2  
  94  6:43  Zerg Missile Weapons Level 1  
  94  6:44  Zergling x6  
  97  6:50  Drone x5  
  97  6:51  Queen  
  97  6:52  Queen  
  106  7:06  Hatchery  
  101  7:24  Roach x3  
  101  7:26  Roach  
  101  7:27  Roach x2  
  101  7:30  Roach x2  
  94  7:38  Hydralisk Den  
  94  7:42  Roach x8  
  98  7:47  Drone  
  96  7:52  Spore Crawler x2  
  94  7:58  Spore Crawler  
  94  8:02  Roach x6  
  105  8:17  Hydralisk x2  
  105  8:18  Hydralisk  
  109  8:24  Zerg Ground Armor Level 2  
  109  8:25  Roach x3  
  107  8:31  Queen  
  107  8:34  Grooved Spines  
  107  8:35  Roach  
  109  8:45  Spore Crawler  
  104  8:53  Zerg Missile Weapons Level 2  
  104  8:55  Overlord  
  104  8:56  Overlord x2  
  104  9:04  Overlord x2  
  104  9:11  Spore Crawler  
  104  9:13  Queen x2  
  104  9:16  Extractor  
  106  9:17  Drone x8  
  106  9:19  Extractor  
  106  9:20  Spine Crawler  
  112  9:26  Drone x7  
  119  9:38  Drone x4  
  123  9:48  Hydralisk x4  
  123  9:49  Infestation Pit, Queen  
  123  9:50  Glial Reconstitution  
  132  9:52  Hydralisk  
  132  9:53  Hydralisk  
  136  10:00  Overseer  
  136  10:02  Roach  
  136  10:03  Roach x3  
  142  10:17  Drone x2  
  142  10:18  Overlord x2  
  142  10:19  Overlord x3  
  144  10:21  Spore Crawler  
  144  10:24  Spine Crawler  
  144  10:28  Hydralisk  
  144  10:46  Hydralisk, Drone x9  
  144  10:47  Hydralisk x2  
  159  10:58  Overseer  
  159  10:59  Hydralisk  
  159  11:00  Hydralisk x3  
  167  11:07  Muscular Augments  
  167  11:09  Hive  
  167  11:15  Hydralisk  
  167  11:16  Hydralisk x4  
  167  11:17  Overlord  
  177  11:34  Overlord x4  
  177  11:40  Spore Crawler  
  176  11:49  Hydralisk x4  
  176  11:51  Overlord x2  
  184  11:54  Extractor, Hydralisk  
  184  11:57  Extractor  
  184  11:59  Hydralisk x8  
  192  12:55  Hydralisk x2  
  192  12:56  Hydralisk x7  
  198  12:59  Roach x6  
  198  13:00  Roach  
  198  13:03  Roach x11  
  192  13:14  Roach x4  
  188  13:20  Roach x4  
  188  13:24  Roach  
  188  13:25  Roach  
  190  13:27  Roach  
  190  13:30  Roach  
  190  13:32  Roach  
  186  13:37  Roach x6  
  186  13:39  Roach x2  
  198  13:46  Roach x2  
  200  13:55  Roach  
Show
View Real Time Build Order
Export as new Build Order

FArAmir Zerg 

Build Orders: Hatch First, Muta Ling Bane 

Get SALT Encoding   

  12  0:02  Drone  
  13  0:13  Overlord  
  13  0:18  Drone  
  14  0:31  Drone x2  
  16  0:36  Drone  
  17  0:57  Hatchery  
  16  0:58  Drone  
  16  1:01  Drone  
  18  1:12  Extractor  
  17  1:18  Spawning Pool  
  17  1:20  Drone  
  17  1:23  Drone  
  18  1:28  Drone  
  19  1:39  Overlord  
  19  2:05  Queen  
  19  2:07  Zergling x4  
  23  2:09  Queen  
  23  2:10  Zergling x2  
  23  2:12  Metabolic Boost  
  26  2:16  Drone  
  26  2:19  Drone  
  28  2:25  Drone  
  29  2:30  Drone  
  29  2:34  Drone  
  31  2:54  Zergling x2  
  31  2:55  Drone  
  33  3:00  Overlord  
  33  3:02  Hatchery  
  32  3:06  Drone x2  
  32  3:07  Drone  
  35  3:15  Drone  
  35  3:24  Drone x2  
  35  3:25  Roach Warren  
  35  3:26  Drone  
  37  3:28  Drone  
  37  3:31  Drone  
  37  3:33  Drone  
  40  3:37  Overlord  
  38  4:02  Zergling x6  
  41  4:06  Drone x2  
  42  4:11  Extractor, Drone x3  
  42  4:12  Roach  
  42  4:15  Lair  
  42  4:16  Roach  
  52  4:17  Roach x4  
  56  4:30  Overlord  
  56  4:37  Evolution Chamber  
  56  4:38  Extractor, Drone x2  
  56  4:39  Drone  
  56  4:43  Overlord  
  57  4:48  Drone x4  
  57  4:49  Drone x2  
  63  5:00  Roach  
  63  5:02  Roach x3  
  71  5:08  Queen  
  71  5:10  Overlord  
  73  5:19  Overlord  
  73  5:20  Overlord  
  73  5:24  Extractor  
  73  5:25  Drone  
  73  5:30  Spire, Drone x2  
  73  5:32  Drone x3  
  73  5:33  Drone x3  
  80  5:41  Roach  
  82  5:49  Roach x3  
  85  5:54  Roach  
  87  5:59  Roach  
  92  6:04  Roach x2  
  92  6:07  Roach  
  88  6:12  Roach  
  88  6:17  Roach x2  
  84  6:25  Roach x2  
  84  6:26  Roach  
  84  6:30  Glial Reconstitution  
  84  6:32  Roach  
  88  6:36  Queen  
  90  6:42  Mutalisk x3  
  90  6:45  Roach  
  98  6:53  Overlord  
  98  6:54  Overlord  
  98  6:56  Zerg Flyer Weapons Level 1  
  98  6:59  Zerg Missile Weapons Level 1  
  98  7:03  Overlord  
  98  7:13  Zergling x10  
  101  7:16  Zergling x4  
  101  7:17  Zergling x4  
  105  7:26  Mutalisk  
  105  7:27  Mutalisk x2  
  105  7:28  Zergling x2  
  96  7:33  Mutalisk  
  96  7:35  Zergling x10  
  97  7:43  Drone x2  
  96  7:54  Mutalisk x2  
  96  8:09  Roach  
  96  8:10  Roach x4  
  104  8:21  Mutalisk x2  
  104  8:26  Zergling x6  
  100  8:29  Zergling x2  
  93  8:34  Zergling x2  
  93  8:37  Mutalisk  
  93  8:40  Roach  
  95  8:50  Roach x3  
  95  8:53  Drone  
  102  9:03  Zerg Flyer Armor Level 1  
  102  9:04  Zergling x2  
  102  9:05  Zergling x4  
  105  9:11  Drone x2  
  105  9:12  Baneling Nest, Hatchery  
  105  9:15  Zergling x2  
  106  9:18  Zerg Ground Armor Level 1  
  106  9:22  Evolution Chamber x2  
  104  9:29  Drone  
  104  9:30  Extractor, Drone x2  
  106  9:40  Zergling x2  
  106  9:41  Roach x2  
  106  9:42  Roach x2  
  115  9:50  Overlord x2  
  115  9:51  Zergling x10  
  120  9:55  Baneling  
  120  9:56  Baneling x6  
  120  9:57  Baneling x2  
  120  9:58  Centrifical Hooks  
  120  9:59  Zergling x4  
  122  10:00  Overlord x2  
  122  10:04  Zerg Melee Weapons Level 1  
  122  10:10  Zerg Missile Weapons Level 2  
  122  10:14  Extractor, Drone x3  
  123  10:24  Drone x2  
  123  10:25  Drone  
  126  10:35  Zergling x2  
  127  10:36  Zergling x6  
  127  10:37  Zergling x12  
  127  10:38  Zergling x2  
  127  10:39  Baneling x4  
  127  10:40  Baneling x12  
  137  10:50  Hatchery  
  136  10:57  Zerg Flyer Armor Level 2  
  136  11:00  Zergling x4  
  136  11:01  Overlord  
  136  11:03  Zergling x6  
  141  11:05  Zergling x4  
  141  11:06  Overlord  
  143  11:13  Pneumatized Carapace  
  143  11:14  Zergling x2  
  143  11:15  Mutalisk x2  
  148  11:36  Drone x3  
  148  11:37  Drone x4  
  148  11:38  Mutalisk x2  
  148  11:39  Mutalisk x2  
  163  11:55  Drone x3  
  163  11:58  Extractor, Drone x2  
  163  11:59  Drone  
  163  12:00  Extractor, Drone x3  
  170  12:02  Zergling x6  
  170  12:05  Hatchery  
  172  12:12  Roach  
  172  12:13  Roach x3  
  180  12:17  Overlord x3  
  180  12:18  Overlord  
  180  12:24  Infestation Pit  
  179  12:40  Baneling  
  179  12:41  Baneling x4  
  178  12:48  Roach  
  178  12:49  Roach x7  
  178  12:50  Roach x8  
  175  13:00  Zergling x2  
  175  13:01  Zergling x2  
  140  13:06  Roach x3  
  140  13:07  Roach  
  140  13:11  Roach  
  140  13:12  Roach x4  
  151  13:20  Zergling x2  
  151  13:23  Roach  
  151  13:24  Roach x4  
  129  13:30  Roach  
  129  13:32  Roach x2  
  129  13:33  Roach  
  112  13:37  Roach x2  
  104  13:41  Roach x2  
  104  13:42  Roach x2  
  104  13:44  Roach x2  
  104  13:45  Roach x3  
  115  13:53  Roach x3  
  115  13:55  Roach x3  
  119  13:57  Roach  
Tags
 
Composition
Muta Ling Bane
Matchup
ZvZ
Race
Zerg
Replay Pack
Pack 2
Spawn Locations
Close Positions
Add a new tag
Caveats
  • Supply blocks, unpowered buildings, or Contaminate may cause inaccurate times.
  • Supply counts are checked every 10 seconds.